 Dungeon Crawl Stone Soup version 0.30-a0-1082-g70414cbcbb (webtiles) character file.

Game seed: 10434725847029062161

26410 Newt the Covert (level 13, -9/86 HPs)
             Began as a Kobold Hunter on Apr 15, 2023.
             Was a High Priest of Makhleb.
             Mangled by a six-headed hydra (10 damage)
             ... on level 5 of the Lair of Beasts.
             The game lasted 00:15:16 (13862 turns).

Newt the Covert (Kobold Hunter)                    Turns: 13862, Time: 00:15:17

Health: -9/86      AC: 10    Str: 19    XL:     13   Next: 57%
Magic:  18/18      EV: 22    Int: 21    God:    Makhleb [*****.]
Gold:   891        SH:  0    Dex: 29    Spells: 12/12 levels left

rFire   + . .      SeeInvis .    f - +8 dagger "Kuakurph" {flame, *Corrode Will+ Int+3 Dex+4}
rCold   + . .      Faith    .    (no shield)
rNeg    . . .      Spirit   .    O - +0 leather armour of Impermeability {Str+5 Int+3}
rPois   .          Reflect  .    (helmet restricted)
rElec   .          Rampage  .    m - scarf {rC+ rF+}
rCorr   +                        N - +0 pair of gloves
Will    ++...                    I - +1 pair of boots
Stlth   +++++++                  (no amulet)
HPRegen 0.34/turn                r - ring "Qumaim" {Will+ Str+6 Dex+4}
MPRegen 0.16/turn                E - ring of resist corrosion

@: no status effects
A: small, no large weapons, nightstalker 3, horns 1, iridescent scales 1, clever
1
a: Renounce Religion, Minor Destruction, Lesser Servant of Makhleb, Major
Destruction, Greater Servant of Makhleb


You were on level 5 of the Lair of Beasts.
You worshipped Makhleb.
Makhleb was extremely pleased with you.
You visited 2 branches of the dungeon, and saw 14 of its levels.
You also visited: Bailey.

You collected 975 gold pieces.
You spent 84 gold pieces at shops.

Inventory:

Hand Weapons
 a - a +1 shortbow
 f - the +8 dagger "Kuakurph" (weapon) {flame, *Corrode Will+ Int+3 Dex+4}
   (You found it on level 2 of the Dungeon)

   Int:       It affects your intelligence (+3).
   Dex:       It affects your dexterity (+4).
   *Corrode:  It may corrode you when you take damage.
   Will:      It increases your willpower.
 M - a +4 rapier of venom
Missiles
 l - 46 poisoned darts
 s - 5 silver boomerangs
 C - 11 boomerangs
 J - 4 boomerangs of dispersal
 R - 3 throwing nets
Armour
 c - a +0 leather armour
 m - a scarf of resistance (worn)
 n - an orb of energy
 o - a +0 pair of boots
 D - an orb of guile
 I - a +1 pair of boots (worn)
 K - the +9 scales of the Dragon King {rPois rF+ rC+ Will+}
   (You found it in a bailey)

   rF:        It protects you from fire.
   rC:        It protects you from cold.
   rPois:     It protects you from poison.
   Will:      It increases your willpower.
 L - a +0 helmet of see invisible
 N - a +0 pair of gloves (worn)
 O - the +0 leather armour of Impermeability (worn) {Str+5 Int+3}
   (You took it off an orc wizard on level 9 of the Dungeon)

   Str:       It affects your strength (+5).
   Int:       It affects your intelligence (+3).
Jewellery
 r - the ring "Qumaim" (left hand) {Will+ Str+6 Dex+4}
   (You acquired it on level 5 of the Dungeon)

   [ring of strength]

   Str:       It affects your strength (+6).
   Dex:       It affects your dexterity (+4).
   Will:      It increases your willpower.
 E - a ring of resist corrosion (right hand)
 G - a ring of positive energy
 S - a ring of protection from fire
 W - a +6 ring of dexterity
 Z - a ring of magical power
Wands
 g - a wand of paralysis (10)
 F - a wand of flame (61)
Scrolls
 b - 7 scrolls of immolation
 d - 5 scrolls of teleportation
 q - 3 scrolls of magic mapping
 u - a scroll of silence
 w - 3 scrolls of amnesia
 y - a scroll of fear
 z - 2 scrolls of butterflies
 A - 4 scrolls of noise {unknown}
 H - 2 scrolls of enchant armour
 Q - a scroll of torment {unknown}
 T - a scroll of enchant weapon
 V - a scroll of poison
 X - a scroll of blinking {unknown}
Potions
 e - 2 potions of invisibility
 h - 7 potions of curing
 i - a potion of mutation
 j - a potion of cancellation
 k - 4 potions of haste
 t - 3 potions of brilliance
 v - 4 potions of attraction
 x - 2 potions of ambrosia
 B - 2 potions of flight
 P - a potion of lignification
 U - a potion of degeneration
 Y - a potion of berserk rage {unknown}


   Skills:
 - Level 12.0 Fighting
 - Level 10.0 Short Blades
 - Level 5.3 Ranged Weapons
 - Level 10.0 Armour
 - Level 7.5 Dodging
 - Level 14.0 Stealth
 + Level 7.6 Invocations


You had 12 spell levels left.
You didn't know any spells.
Your spell library contained the following spells:

 Spells                   Type           Power      Damage    Failure   Level
 Foxfire                  Conj/Fire      0%         2x1d4     21%         1
 Kiss of Death            Conj/Necr      0%         2d5       21%         1
 Shock                    Conj/Air       0%         1d3       21%         1
 Summon Small Mammal      Summ           0%         N/A       21%         1
 Ensorcelled Hibernation  Hex/Ice        0%         N/A       30%         2
 Passwall                 Tmut/Erth      0%         N/A       30%         2
 Call Canine Familiar     Summ           0%         N/A       52%         3
 Confusing Touch          Hex            0%         N/A       52%         3
 Portal Projectile        Hex/Tloc       0%         N/A       52%         3
 Summon Guardian Golem    Hex/Summ       0%         N/A       52%         3
 Swiftness                Air            0%         N/A       52%         3
 Airstrike                Air            0%         2d(0-16)  90%         4
 Dispel Undead            Necr           0%         3d6       90%         4
 Leda's Liquefaction      Hex/Erth       0%         N/A       90%         4
 Fireball                 Conj/Fire      0%         3d3       99%         5
 Plasma Beam              Fire/Air       0%         2x1d11    100%        6
 Starburst                Conj/Fire      0%         6d3       100%        6


Dungeon Overview and Level Annotations

Branches:
Dungeon (11/15)              Lair (3/5) D:10         Spider (0/4) Lair:2
 Bailey (visited)
 Temple: D:4-7        Swamp: Lair:2-3    Shoals: Lair:2-3       Orc: D:9-12

Altars:
Elyvilon
Fedhas
Gozag
Makhleb
Nemelex Xobeh
Sif Muna
Uskayaw
Vehumet
Xom
Yredelemnul
Zin
Lugonu

Shops:
D:9 ?

Portals:
Abyss: Lair:1


Innate Abilities, Weirdness & Mutations

You are small and have problems with some larger weapons.
You are completely attuned to the shadows.
You have a pair of small horns on your head.
You are partially covered in iridescent scales. (AC +2)
Your mind is acute. (Int +4, Str/Dex -1)


Message History

The six-headed hydra closely misses you.
The six-headed hydra bites you.
* * * LOW HITPOINT WARNING * * *
The six-headed hydra barely misses you. The six-headed hydra misses you. x2
As you read the scroll of fear, it crumbles to dust.
You assume a fearsome visage.
The six-headed hydra looks frightened!
The komodo dragon looks frightened!
The komodo dragon hisses angrily.
The torpor snail resists with some effort.
Unknown command.
You feel yourself speed up.
Being near the torpor snail leaves you feeling lethargic.
You feel yourself speed up.
Being near the torpor snail leaves you feeling lethargic.
You hit the torpor snail. You burn the torpor snail.
You headbutt the torpor snail!
The torpor snail is moderately wounded.
You puncture the torpor snail! You burn the torpor snail.
You headbutt the torpor snail, but do no damage.
The torpor snail is heavily wounded.
The torpor snail misses you.
You hit the torpor snail. You burn the torpor snail.
You headbutt the torpor snail, but do no damage.
The torpor snail is heavily wounded.
You hit the torpor snail. You burn the torpor snail.
You headbutt the torpor snail!
The torpor snail is severely wounded.
The torpor snail bites you!
* * * LOW HITPOINT WARNING * * *
You puncture the torpor snail! You burn the torpor snail.
You headbutt the torpor snail.
You kill the torpor snail!
Makhleb accepts your kill.
You feel better.
You feel yourself speed up.
The six-headed hydra bites you but does no damage. x2
The six-headed hydra bites you!
* * * LOW HITPOINT WARNING * * *
The six-headed hydra barely misses you. The six-headed hydra bites you!
You die...

.......##...
.............
.............
...#.#..(....
....##†......
#...)..P.....
.............
....##.D.....
.... ##@##...
..P. #.#.#...
###..#.. ...#
..##


You could see a six-headed hydra.

Vanquished Creatures
  Erolcha (D:11)
  Erica (D:9)
  A two-headed ogre (D:9)
  Sonja (Lair:5)
  A skyshark (Lair:5)
  An ugly thing (D:11)
  A manticore (D:11)
  2 elephants (Lair:5)
  2 black mambas
  A torpor snail (Lair:5)
  4 cane toads
  A rime drake (Lair:2)
  An unseen horror (D:11)
  A komodo dragon (Lair:2)
  A troll (D:9)
  A hornet (D:9)
  5 blink frogs (Lair:2)
  Grinder (D:3)
  A culicivora (Lair:2)
  A jumping spider (Lair:2)
  A shadow (D:10)
  2 vampires (D:10)
  2 wyverns (Lair:2)
  3 wraiths
  A basilisk (Lair:2)
  22 yaks
  Grum (D:8)
  3 redbacks (Lair:2)
  2 acid dragons
  10 water moccasins
  2 ice beasts
  8 orc warriors
  2 sky beasts (D:7)
  5 black bears (D:10)
  2 ogres
  2 wolves (D:8)
  3 centaurs
  2 phantoms
  3 kobold brigands
  2 gnoll sergeants
  5 bullfrogs
  3 scorpions
  13 wights
  4 killer bees (D:9)
  6 howler monkeys
  3 hounds
  4 orc priests
  A jelly (D:4)
  A gnoll bouda (D:10)
  An iguana (D:5)
  2 sleepcaps
  7 orc wizards
  20 gnolls
  4 adders
  3 white imps
  3 ufetubi
  3 dart slugs
  27 orcs
  6 bats
  8 endoplasms
  4 giant cockroaches
  16 goblins
  12 hobgoblins
  8 jackals
  A quokka (D:3)
  12 ball pythons
  6 frilled lizards
  24 kobolds
  9 rats
323 creatures vanquished.

Vanquished Creatures (others)
  2 bushes (Lair:5)
  41 fungi
  A lurking horror (Lair:1)
  49 plants
93 creatures vanquished.

Grand Total: 416 creatures vanquished

Notes
Turn   | Place    | Note
-------+----------+-------------------------------------------
     0 | D:1      | Newt the Kobold Hunter began the quest for the Orb.
     0 | D:1      | Reached XP level 1. HP: 12/12 MP: 1/1
   114 | D:1      | Reached XP level 2. HP: 18/18 MP: 2/2
   427 | D:1      | Reached XP level 3. HP: 23/23 MP: 3/3
  1104 | D:2      | Reached XP level 4. HP: 30/30 MP: 4/4
  1191 | D:2      | Identified the +8 dagger "Kuakurph" {flame, *Corrode Will+
                  | Int+3 Dex+4}
  1665 | D:3      | Reached skill level 5 in Fighting
  1694 | D:3      | Reached skill level 1 in Short Blades
  1697 | D:3      | Reached XP level 5. HP: 14/35 MP: 5/5
  1968 | D:3      | Noticed Grinder
  1978 | D:3      | Killed Grinder
  1979 | D:3      | Reached skill level 5 in Short Blades
  1979 | D:3      | Reached XP level 6. HP: 31/40 MP: 6/6
  2170 | D:3      | Found a burning altar of Makhleb.
  2447 | D:3      | Became a worshipper of Makhleb the Destroyer
  2724 | D:4      | Gained mutation: You are frail. (-10% HP) [potion of
                  | mutation]
  2724 | D:4      | Lost mutation: You are frail. (-10% HP) [potion of
                  | mutation]
  2724 | D:4      | Gained mutation: You are somewhat resistant to further
                  | mutation. [potion of mutation]
  2724 | D:4      | Gained mutation: You have supernaturally acute eyesight.
                  | (SInv) [potion of mutation]
  2957 | D:4      | Reached XP level 7. HP: 27/44 MP: 7/7
  3032 | D:4      | Reached skill level 5 in Dodging
  3172 | D:4      | Reached * piety under Makhleb
  4154 | D:5      | Entered Level 5 of the Dungeon
  4157 | D:5      | Reached XP level 8. HP: 49/49 MP: 8/8
  4159 | D:5      | Identified a scroll of acquirement
  4159 | D:5      | Acquired the ring "Qumaim" {Will+ Str+6 Dex+4}
  4257 | D:5      | Found a shimmering blue altar of Sif Muna.
  4676 | D:5      | Reached skill level 10 in Short Blades
  4676 | D:5      | Reached skill level 3 in Stealth
  4823 | D:5      | You fall into a shaft and drop 2 floors!
  4848 | D:7      | Reached ** piety under Makhleb
  4849 | D:7      | Reached skill level 5 in Stealth
  4849 | D:7      | Reached XP level 9. HP: 54/54 MP: 9/9
  4940 | D:7      | Reached skill level 6 in Stealth
  4959 | D:7      | Reached skill level 7 in Stealth
  4975 | D:7      | Reached skill level 8 in Stealth
  5060 | D:7      | Reached skill level 9 in Stealth
  5185 | D:7      | Noticed a hornet
  5371 | D:8      | Reached skill level 10 in Stealth
  5386 | D:8      | Noticed Grum
  5390 | D:8      | Killed Grum
  5411 | D:8      | Reached skill level 11 in Stealth
  5426 | D:8      | Reached XP level 10. HP: 22/59 MP: 10/10
  5429 | D:8      | Reached skill level 12 in Stealth
  5741 | D:8      | Found a shimmering altar of Xom.
  5741 | D:8      | Found a sparkling altar of Nemelex Xobeh.
  5743 | D:8      | Found an opulent altar of Gozag.
  5746 | D:8      | Found a blossoming altar of Fedhas.
  5749 | D:8      | Found a basalt altar of Yredelemnul.
  5892 | D:8      | Reached skill level 13 in Stealth
  6262 | D:8      | Identified the staff of air "Omnus" {Fragile rElec Str+6
                  | Int+3}
  6479 | D:9      | Found a flagged portal.
  6487 | Bailey   | Entered a bailey
  6528 | Bailey   | Reached skill level 14 in Stealth
  6536 | Bailey   | Reached *** piety under Makhleb
  6885 | Bailey   | Found the +9 scales of the Dragon King {rPois rF+ rC+
                  | Will+}
  6963 | D:9      | Identified the +0 leather armour of Impermeability {Str+5
                  | Int+3}
  7186 | D:9      | Noticed a two-headed ogre
  7191 | D:9      | Killed a two-headed ogre
  7192 | D:9      | Reached skill level 1 in Armour
  7581 | D:9      | Reached XP level 11. HP: 63/68 MP: 11/11
  7813 | D:9      | Noticed Erica
  7825 | D:9      | Killed Erica
  7826 | D:9      | Reached skill level 5 in Armour
  7941 | D:9      | Found Vataq's Magic Scroll Shop.
  7947 | D:9      | Bought a scroll of identify for 28 gold pieces
  7947 | D:9      | Bought a scroll of identify for 28 gold pieces
  7947 | D:9      | Bought a scroll of identify for 28 gold pieces
  7949 | D:9      | Reached XP level 12. HP: 73/73 MP: 12/12
  8021 | D:10     | Entered Level 10 of the Dungeon
  8029 | D:10     | Found a staircase to the Lair.
  8055 | D:10     | Reached **** piety under Makhleb
  8099 | D:10     | Reached skill level 10 in Armour
  8994 | D:10     | Found a glowing silver altar of Zin.
  8999 | D:10     | Found a radiant altar of Vehumet.
  9006 | D:10     | Found a hide-covered altar of Uskayaw.
  9009 | D:10     | Found a white marble altar of Elyvilon.
 10041 | D:11     | Noticed Erolcha
 10060 | D:11     | Killed Erolcha
 10509 | Lair:1   | Entered Level 1 of the Lair of Beasts
 10539 | Lair:1   | Reached skill level 10 in Fighting
 10986 | Lair:1   | Reached XP level 13. HP: 67/83 MP: 13/13
 11213 | Lair:1   | Identified the +0 chain mail of the Orcish Mines {rCorr}
 11255 | Lair:1   | Found a one-way gate to the infinite horrors of the Abyss.
 11255 | Lair:1   | Found a corrupted altar of Lugonu.
 12040 | Lair:2   | Reached ***** piety under Makhleb
 12041 | Lair:2   | Reached skill level 1 in Invocations
 12232 | Lair:2   | Found a hole to the Spider Nest.
 13170 | Lair:2   | Reached skill level 5 in Invocations
 13323 | Lair:3   | Lost mutation: You have supernaturally acute eyesight.
                  | (SInv) [potion of mutation]
 13323 | Lair:3   | Lost mutation: You are somewhat resistant to further
                  | mutation. [potion of mutation]
 13323 | Lair:3   | Gained mutation: Your system is resistant to poisons.
                  | (rPois) [potion of mutation]
 13324 | Lair:3   | Lost mutation: Your system is resistant to poisons. (rPois)
                  | [potion of mutation]
 13324 | Lair:3   | Gained mutation: You are partially covered in iridescent
                  | scales. (AC +2) [potion of mutation]
 13324 | Lair:3   | Gained mutation: Your mind is acute. (Int +4, Str/Dex -1)
                  | [potion of mutation]
 13324 | Lair:3   | Gained mutation: You have a pair of small horns on your
                  | head. [potion of mutation]
 13381 | Lair:3   | You fall into a shaft and drop 2 floors!
 13381 | Lair:5   | Entered Level 5 of the Lair of Beasts
 13608 | Lair:5   | Noticed Sonja
 13841 | Lair:5   | Killed Sonja
 13842 | Lair:5   | Noticed a six-headed hydra
 13860 | Lair:5   | HP: 3/86 [torpor snail (11)]
 13862 | Lair:5   | HP: 1/86 [six-headed hydra (9)]
 13862 | Lair:5   | Mangled by a six-headed hydra

Illustrated notes

Levels and vault maps discovered:
D:1:      beargit_arrival_diablo_church, layout_basic
D:2:      layout_rooms, chequers_serial_rivers_small_3, corexii_corridor_pit,
          minmay_small_reverse_x
D:3:      layout_basic, mainiacjoe_overflow_alcove_1, hangedman_decor_growths,
          nrook_uturn, minmay_joined_circles, uniq_grinder
D:4:      minmay_opposing_rooms, layout_basic
D:5:      layout_loops_ring, led_sif_pool
D:7:      layout_rooms
D:8:      layout_loops_ring, grunt_temple_overflow_open, uniq_grum
D:9:      layout_basic, enter_bailey_2, serial_shops, shop_scrolls, uniq_erica
D:10:     layout_irregular_city, grunt_temple_overflow_cloverleaf,
          due_lair_maze_entry_diamond
D:11:     layout_irregular_city, uniq_erolcha
Lair:1:   layout_regular_city, amcnicky_altar_lugonu_corruption,
          lemuel_fruit_tree, grunt_megastairs_2
Lair:2:   layout_long_grid, nicolae_spider_entry_tight_spaces,
          infiniplex_staircase_pool_2
Lair:3:   layout_cave_pods, elwin_shoals_entry_rooms, uniq_amaemon, uniq_snorg
Lair:5:   grunt_lair_end_beastmaster, layout_layer_cave, slime_entry_2,
          grunt_forest_large_clearing_hut, uniq_sonja

Skill      XL: |  1  2  3  4  5  6  7  8  9 10 11 12 13 |
---------------+----------------------------------------+-----
Fighting       | 3 4 5 8 10 12 | 12.0
Short Blades   | 1 5 6 7 10 | 10.0
Dodging        | 3 6 7 |  7.5
Stealth        | 5 11 14 | 14.0
Armour         | 3 9 10 | 10.0
Invocations    | 7 |  7.6
Ranged Weapons | |  5.3

Action                     |  1- 3 |  4- 6 |  7- 9 | 10-12 | 13-15 || total
---------------------------+-------+-------+-------+-------+-------++-------
  Melee: Dagger            |       |    92 |   180 |   520 |   291 ||  1083
         Punch             |       |       |     2 |     8 |     5 ||    15
         Headbutt          |       |       |       |       |    29 ||    29
   Fire: Shortbow          |    62 |    19 |       |       |       ||    81
  Throw: Dart              |       |       |       |       |     1 ||     1
    Use: Scroll            |     4 |     6 |     3 |     8 |     4 ||    25
         Potion            |       |     1 |     1 |     2 |     5 ||     9
   Stab: Sleeping          |       |    14 |    14 |    14 |     2 ||    44
         Distracted        |       |     1 |     2 |     3 |       ||     6
 Armour: Leather armour    |     5 |    14 |    13 |    25 |    18 ||    75
         Gold dragon scale |       |       |       |   131 |   144 ||   275
  Dodge: Dodged            |    29 |    57 |   102 |   243 |   125 ||   556

Table legend: (Time is in decaauts)
 A = Elapsed time spent in this place.
 B = Non-inter-level travel time spent in this place.
 C = Inter-level travel time spent in this place.
 D = Time resting spent in this place.
 E = Time spent auto-exploring this place.
 F = Levels seen in this place.
 G = Mean time per level.
                   A        B        C        D        E       F      G
               +--------+--------+--------+--------+--------+-----+--------+
         Total |  13414 |  13083 |    331 |   1383 |   9825 |  15 |  894.3 |
       Dungeon |   9827 |   9536 |    291 |    777 |   7390 |  10 |  982.7 |
          Lair |   3193 |   3153 |     40 |    552 |   2211 |   4 |  798.2 |
        Bailey |    394 |    394 |      0 |     54 |    224 |   1 |  394.0 |
               +--------+--------+--------+--------+--------+-----+--------+

Top non-repeatable levels by time:
  Lair:2: 1554 daAuts
     D:4: 1415 daAuts
    D:10: 1392 daAuts
     D:3: 1131 daAuts
  Lair:1: 1127 daAuts
     D:8: 1084 daAuts
     D:9: 1073 daAuts
    D:11: 985 daAuts
     D:1: 972 daAuts
     D:5: 648 daAuts
     D:2: 629 daAuts
     D:7: 494 daAuts
  Lair:5: 449 daAuts
  Bailey: 394 daAuts
  Lair:3: 60 daAuts
